Map: Vaani Research Station (Void)

Players

Fropez - Winner!

  • Race: Protoss Protoss
  • League: Gold
  • Spawn Location: 12:00

nightmouse

  • Race: Zerg Zerg
  • League: Platinum
  • Spawn Location: 6:00

VOD

Have the link to the VOD?

Description

Time

  • Played on: Dec. 3, 2016, 5:46 p.m.
  • Length: 14:47
Show
View Real Time Build Order
Export as new Build Order

Fropez Protoss - Winner!

Build Orders:  

Get SALT Encoding   

  12  0:01  Probe (Chrono Boost)  
  13  0:13  Probe (Chrono Boost)  
  14  0:21  Pylon  
  14  0:23  Probe (Chrono Boost)  
  15  0:39  Probe (Chrono Boost)  
  16  0:43  Gateway  
  17  0:50  Probe (Chrono Boost)  
  17  1:02  Pylon  
  17  1:06  Pylon  
  17  1:14  Probe (Chrono Boost)  
  17  1:15  Pylon  
  17  1:40  Forge  
  17  1:47  Assimilator  
  17  1:51  Gateway  
  17  1:53  Probe (Chrono Boost)  
  17  1:54  Gateway  
  18  1:58  Assimilator  
  18  2:16  Probe (Chrono Boost)  
  18  2:17  Cybernetics Core  
  19  2:46  Nexus  
  19  2:58  Pylon  
  19  3:03  Warp Gate (Chrono Boost), Mothership Core (Chrono Boost)  
  21  3:21  Stargate  
  21  3:35  Pylon  
  21  3:37  Probe  
  22  3:53  Probe  
  22  3:54  Photon Cannon  
  23  4:14  Oracle (Chrono Boost)  
  26  4:22  Probe x2  
  28  4:36  Protoss Air Weapons Level 1  
  28  4:38  Stargate  
  28  4:40  Probe  
  28  4:41  Probe, Assimilator  
  30  4:51  Phoenix (Chrono Boost)  
  32  4:55  Probe  
  33  5:04  Probe  
  34  5:08  Probe  
  34  5:10  Assimilator  
  35  5:26  Probe  
  35  5:27  Pylon, Probe  
  39  5:28  Phoenix (Chrono Boost)  
  39  6:04  Zealot x3  
  42  6:20  Probe x2  
  44  6:34  Stalker x2  
  44  6:35  Pylon, Protoss Ground Weapons Level 1 (Chrono Boost), Stalker  
  50  6:43  Phoenix  
  50  6:46  Phoenix  
  54  7:10  Probe x2  
  54  7:13  Robotics Facility  
  54  7:14  Phoenix (Chrono Boost)  
  56  7:19  Phoenix (Chrono Boost)  
  60  7:42  Phoenix (Chrono Boost)  
  64  7:51  Phoenix (Chrono Boost)  
  66  8:07  Phoenix (Chrono Boost)  
  64  8:31  Phoenix (Chrono Boost)  
  64  8:32  Warp Prism  
  70  8:34  Phoenix (Chrono Boost)  
  70  8:41  Twilight Council  
  70  8:46  Pylon  
  70  8:47  Pylon  
  70  8:50  Pylon  
  70  9:04  Probe x2  
  72  9:16  Probe  
  73  9:26  Phoenix (Chrono Boost)  
  73  9:29  Phoenix (Chrono Boost)  
  77  9:33  Warp Prism (Chrono Boost)  
  79  9:40  Resonating Glaives  
  79  9:45  Dark Shrine  
  79  9:46  Pylon  
  79  10:22  Protoss Shields Level 1  
  77  10:38  Protoss Air Armor Level 1  
  77  10:44  Fleet Beacon  
  77  11:00  Photon Cannon  
  77  11:01  Gateway  
  77  11:04  Pylon  
  77  11:06  Gateway  
  77  11:09  Photon Cannon  
  77  11:18  Phoenix x2  
  81  11:34  Observer (Chrono Boost)  
  81  11:39  Dark Templar x3  
  88  12:07  Gateway x2  
  88  12:10  Gateway  
  88  12:11  Gateway  
  88  12:12  Gateway  
  88  12:15  Pylon  
  88  12:46  Dark Templar x2  
  88  12:47  Dark Templar x3  
  98  13:32  Observer (Chrono Boost)  
  99  13:56  Zealot  
  99  13:57  Zealot x5  
  99  13:58  Zealot x3  
  111  14:16  Dark Templar  
  97  14:25  Zealot x5  
  97  14:26  Zealot x3  
  105  14:38  Dark Templar  
Show
View Real Time Build Order
Export as new Build Order

nightmouse Zerg 

Build Orders: Pool First 

Get SALT Encoding   

  12  0:01  Drone  
  13  0:09  Drone  
  14  0:28  Spawning Pool  
  13  0:31  Drone  
  14  0:37  Extractor  
  14  0:39  Drone  
  14  0:49  Overlord  
  14  0:53  Overlord  
  14  1:16  Queen  
  16  1:19  Drone x2  
  16  1:21  Zergling x2  
  19  1:46  Metabolic Boost  
  19  2:00  Evolution Chamber  
  18  2:06  Queen  
  20  2:38  Hatchery  
  19  2:53  Overlord x2  
  19  2:59  Zerg Melee Weapons Level 1  
  19  3:02  Zergling x2  
  19  3:03  Zergling x2  
  21  3:07  Zergling x2  
  22  3:56  Drone  
  22  4:02  Pneumatized Carapace  
  21  4:17  Queen  
  21  4:18  Drone x2  
  25  4:26  Extractor, Drone x3  
  25  4:27  Zergling x8  
  31  5:25  Zerg Ground Armor Level 1  
  31  5:30  Lair  
  31  5:32  Drone  
  31  5:33  Drone x2  
  34  5:46  Queen  
  33  5:52  Spore Crawler  
  25  6:31  Drone  
  25  6:32  Drone x3  
  26  6:50  Spore Crawler  
  25  7:03  Infestation Pit  
  24  7:13  Overseer  
  24  7:17  Drone x3  
  24  7:19  Drone x2  
  24  7:20  Drone x3  
  32  7:24  Zerg Melee Weapons Level 2  
  32  7:28  Queen  
  34  7:45  Spore Crawler, Hatchery  
  34  7:46  Swarm Host  
  34  7:50  Spore Crawler  
  31  8:13  Overlord  
  31  8:14  Overlord x2  
  31  8:31  Queen  
  31  8:37  Spore Crawler  
  30  8:52  Zergling x2  
  30  8:53  Zergling x14  
  38  8:56  Zergling x2  
  38  8:57  Zergling x26  
  38  8:58  Zergling x2  
  51  9:37  Queen  
  53  9:40  Drone x3  
  55  9:59  Hive  
  55  10:06  Zerg Ground Armor Level 2  
  55  10:14  Spore Crawler  
  50  11:11  Adrenal Glands  
  50  11:31  Spore Crawler x2  
  45  11:56  Overlord  
  45  12:03  Overlord  
  45  12:08  Spine Crawler  
  45  12:12  Spine Crawler  
  43  12:26  Nydus Network  
  34  13:45  Nydus Canal  
Tags
 
Add a new tag
Caveats
  • Supply blocks, unpowered buildings, or Contaminate may cause inaccurate times.
  • Supply counts are checked every 10 seconds.